AoeStats
← 海旋风

Black Forest

503610423Analyzed
4v4 RM · 1mo ago on Sep 1, 2026· 70m 30s· 8 players
Game mode
Random Map
Map size
Large (8 player)
Population
200
Speed
Normal
Resources
Standard
Victory
Conquest
Starting age
Dark Age
Ending age
Imperial Age
RankedLock teamsTeams togetherTeam positionsShared explorationLock speedFull tech treeHidden civsTurbo modeCheats
Victory
Defeat
🇬🇷 Franks · Greece
874
+12
🇹🇼 Britons · Taiwan
869
+12
🇻🇳 Lithuanians · Vietnam
869
+12
🇮🇱 Ethiopians · Israel
865
+12
🇨🇳 Ethiopians · China
816
-14
🇭🇰 Lithuanians · Hong Kong SAR China
782
-29
🇦🇷 Turks · Argentina
771
-12
🇨🇳 Slavs · China
764
-11
海旋风
16:36 Feudal Age
17:37 Double-Bit Axe
19:24 Loom
22:01 Castle Age
21:54 Fishing Lines
22:02 Horse Collar
23:17 Wheelbarrow
23:25 Bow Saw
24:09 Gillnets
26:22 Hand Cart
28:15 Town Watch
33:47 Scale Mail Armor
38:07 Imperial Age
36:03 Fletching
36:35 Squires
40:15 Imperial Age
42:12 Town Patrol
45:35 Gold Mining
46:29 Fortified Wall
47:34 Halberdier
48:05 Arson
49:58 Chemistry
49:47 Onager
53:31 Torsion Engines
鬼祟君_HK
11:13 Feudal Age
14:16 Wheelbarrow
14:50 Town Watch
14:51 Loom
18:00 Castle Age
19:00 Hand Cart
18:22 Pikeman
18:48 Horse Collar
20:53 Arson
21:11 Stone Mining
21:15 Gold Mining
24:03 Double-Bit Axe
26:51 Scale Barding Armor
29:07 Fletching
33:31 Bodkin Arrow
35:18 Squires
36:42 Chain Barding Armor
37:16 Heavy Plow
41:46 Imperial Age
40:45 Man-at-Arms
41:42 Forging
41:49 Long Swordsman
43:21 Iron Casting
43:54 Two-Handed Swordsman
45:00 Champion
47:36 Conscription
362747455
0:30 Loom
13:04 Feudal Age
13:38 Double-Bit Axe
13:35 Horse Collar
沐良
0:36 Loom
13:21 Feudal Age
17:18 Wheelbarrow
19:06 Double-Bit Axe
19:41 Gold Mining
19:48 Stone Mining
22:44 Castle Age
20:37 Horse Collar
23:43 Bow Saw
24:52 Gold Shaft Mining
26:49 Fervor
29:43 Fortified Wall
29:28 Treadmill Crane
30:45 Heavy Plow
35:34 Imperial Age
35:39 Hand Cart
35:32 Fletching
35:43 Padded Archer Armor
37:30 Conscription
38:22 Two-Man Saw
37:23 Bodkin Arrow
37:43 Leather Archer Armor
39:40 Ring Archer Armor
39:37 Masonry
41:02 Caravan
46:21 Bracer
47:00 Elite Janissary
51:31 Artillery
52:59 Forging
52:55 Scale Barding Armor
54:24 Bombard Tower
54:35 Architecture
54:02 Murder Holes
54:28 Ballistics
63:23 Iron Casting
63:09 Chain Barding Armor
CannotFly
0:29 Loom
16:11 Feudal Age
18:19 Double-Bit Axe
19:59 Horse Collar
25:23 Castle Age
28:22 Fortified Wall
29:37 Fishing Lines
31:05 Bow Saw
31:53 Fletching
32:06 Padded Archer Armor
34:33 Heavy Plow
34:29 Gold Mining
34:30 Stone Mining
38:53 Imperial Age
36:40 Gillnets
38:06 Yeomen
39:03 Squires
40:52 Wheelbarrow
41:24 Bodkin Arrow
41:55 Conscription
42:19 Gold Shaft Mining
44:13 Bracer
44:30 Leather Archer Armor
45:04 Town Watch
45:36 Hand Cart
46:03 Ballistics
46:45 Chemistry
46:42 Pikeman
47:08 Gambesons
47:09 Arson
48:27 Ring Archer Armor
51:13 Elite Longbowman
52:24 Warwolf
54:49 Forging
54:39 Scale Mail Armor
57:04 Iron Casting
56:45 Chain Mail Armor
55:54 Halberdier
58:39 Caravan
61:08 Blast Furnace
62:31 Plate Mail Armor
Derbish
1:02 Loom
12:31 Feudal Age
17:27 Double-Bit Axe
22:07 Castle Age
22:11 Stone Mining
22:11 Gold Mining
27:10 Bow Saw
28:46 Wheelbarrow
29:57 Horse Collar
36:49 Imperial Age
34:48 Caravan
35:43 Fortified Wall
36:58 Gold Shaft Mining
38:30 Chemistry
38:16 Stone Shaft Mining
37:43 Heavy Plow
38:46 Two-Man Saw
38:56 Conscription
39:06 Fervor
39:34 Hand Cart
40:12 Siege Engineers
40:31 Ballistics
44:45 Fletching
44:56 Padded Archer Armor
45:08 Masonry
44:54 Murder Holes
45:10 Torsion Engines
49:34 Crossbowman
50:20 Thumb Ring
53:15 Leather Archer Armor
52:56 Bodkin Arrow
53:34 Architecture
54:08 Halberdier
54:51 Squires
55:24 Ring Archer Armor
54:54 Bracer
55:05 Forging
54:55 Scale Mail Armor
55:01 Scale Barding Armor
54:20 Arbalester
55:11 Arson
55:13 Onager
56:59 Guard Tower
57:41 Coinage
57:21 Guilds
56:52 Capped Ram
56:57 Heavy Scorpion
56:58 Siege Onager
62:55 Sanctity
62:36 Devotion
63:49 Halberdier
63:50 Man-at-Arms
69:52 Spies/Treason
70:32 Royal Heirs
69:53 Elite Shotel Warrior
69:56 Siege Ram
70:40 Husbandry
70:00 Light Cavalry
70:01 Cavalier
70:01 Heavy Camel Rider
70:09 Long Swordsman
70:12 Elite Skirmisher
70:13 Heavy Cavalry Archer
71:31 Iron Casting
71:11 Chain Mail Armor
71:17 Chain Barding Armor
71:37 Keep
71:34 Banking
Tomioka Giyuu
13:17 Feudal Age
13:38 Horse Collar
13:50 Gold Mining
13:50 Stone Mining
13:46 Double-Bit Axe
21:55 Castle Age
22:49 Bloodlines
23:39 Bow Saw
23:38 Heavy Plow
23:41 Husbandry
28:18 Imperial Age
29:20 Wheelbarrow
29:26 Conscription
29:17 Scale Barding Armor
29:23 Forging
32:11 Two-Man Saw
33:17 Hand Cart
34:22 Iron Casting
34:07 Chain Barding Armor
34:09 Elite Leitis
38:00 Onager
41:01 Ballistics
41:42 Chemistry
40:52 Fortified Wall
42:25 Elite Skirmisher
43:11 Thumb Ring
46:03 Plate Barding Armor
53:13 Fletching
53:23 Padded Archer Armor
avvocatore
0:29 Loom
15:56 Feudal Age
17:12 Wheelbarrow
16:51 Town Watch
17:39 Double-Bit Axe
19:34 Gold Mining
27:43 Castle Age
27:54 Stone Mining
28:12 Scale Mail Armor
28:17 Scale Barding Armor
28:22 Forging
28:42 Hand Cart
28:29 Town Patrol
29:12 Gold Shaft Mining
29:09 Bow Saw
30:50 Husbandry
34:33 Town Patrol
38:57 Chain Barding Armor
39:13 Iron Casting
38:53 Chain Mail Armor
47:37 Imperial Age
45:26 Pikeman
46:07 Squires
45:52 Arson
49:40 Plate Barding Armor
50:05 Blast Furnace
49:36 Plate Mail Armor
48:41 Cavalier
49:23 Chivalry
49:44 Conscription
50:01 Paladin
51:57 Halberdier
64:18 Caravan
64:49 Coinage
69:01 Banking
Connection lost

Rejoining the realm…

Still unreachable

The connection could not be restored.

Session expired

The server has moved on; the page needs a fresh start.